 Dungeon Crawl Stone Soup version 0.29-a0-1065-g47a6bb87d6 (webtiles) character file.

Game seed: 9924551054183778124

53 nickcage the Cudgeller (level 3, -1/31 HPs)
             Began as a Minotaur Abyssal Knight on Aug 18, 2022.
             Was a Priest of Lugonu.
             Slain by a gnoll
             ... wielding a +0 whip
              (2 damage)
             ... on level 2 of the Dungeon.
             The game lasted 00:01:49 (902 turns).

nickcage the Cudgeller (Minotaur Abyssal Knight)     Turns: 902, Time: 00:01:50

Health: -1/31      AC:  9    Str: 19    XL:     3   Next: 62%
Magic:  3/3        EV: 11    Int:  7    God:    Lugonu [***...]
Gold:   129        SH:  0    Dex: 10    Spells: 2/2 levels left

rFire   . . .      SeeInvis .   a - +1 mace
rCold   . . .      Faith    .   (no shield)
rNeg    . . .      Spirit   .   b - +0 leather armour
rPois   .          Reflect  .   (helmet restricted)
rElec   .          Harm     .   k - +2 cloak
rCorr   .          Rampage  .   c - +1 pair of gloves
Will    .....                   f - +0 pair of boots
Stlth   +.........              (no amulet)
HPRegen 0.10/turn               (no ring)
MPRegen 0.08/turn               (no ring)

@: no status effects
A: horns 2, retaliatory headbutt
a: Renounce Religion, Depart the Abyss, Bend Space, Banish


You were on level 2 of the Dungeon.
You worshipped Lugonu.
Lugonu was most pleased with you.
You visited 1 branch of the dungeon, and saw 2 of its levels.
You visited the Abyss 1 time.

You collected 129 gold pieces.

Inventory:

Hand Weapons
 a - a +1 mace (weapon)
Missiles
 g - 6 poisoned darts (quivered)
Armour
 b - a +0 leather armour (worn)
 c - a +1 pair of gloves (worn)
 f - a +0 pair of boots (worn)
 k - a +2 cloak (worn)
Scrolls
 h - a scroll of magic mapping {unknown}
 i - a scroll of poison {unknown}
Potions
 d - 2 potions of haste {unknown}
 e - 2 potions of mutation {unknown}
 j - a potion of berserk rage {unknown}


   Skills:
 - Level 3.6 Fighting
 + Level 4.9 Maces & Flails
 - Level 2.4 Armour
 - Level 1.1 Dodging
 - Level 1.7 Invocations


You had 2 spell levels left.
You didn't know any spells.
Your spell library was empty.

Dungeon Overview and Level Annotations

Branches:
Dungeon (2/15)

Altars:


Innate Abilities, Weirdness & Mutations

You have a pair of horns on your head.
You reflexively headbutt those who attack you in melee.


Message History

The gnoll is lightly wounded.
The gnoll hits you with a +0 whip. The gnoll closely misses you.
The gnoll barely misses you.
You hit the gnoll but do no damage.
The gnoll is lightly wounded.
The gnoll closely misses you. The gnoll barely misses you.
You sock the gnoll! Your headbutt misses the gnoll.
The gnoll is severely wounded.
The gnoll hits you with a +0 whip. The gnoll barely misses you.
You sock the gnoll!
You kill the gnoll!
Lugonu accepts your kill.
The gnoll throws a throwing net.
The throwing net hits you.
You become entangled in the net!
The gnoll hits you with a +0 whip.
You struggle against the net.
The gnoll barely misses you.
You struggle against the net.
The gnoll hits you but does no damage. The gnoll hits you with a +0 whip.
You struggle against the net.
The gnoll barely misses you. You furiously retaliate!
You headbutt the gnoll! The gnoll hits you with a +0 whip.
You shred the net and break free! The gnoll hits you but does no damage.
The gnoll hits you with a +0 whip.
* * * LOW HITPOINT WARNING * * *
You completely miss the gnoll.
The gnoll is severely wounded.
The gnoll closely misses you. x2
You completely miss the gnoll.
The gnoll is severely wounded.
The gnoll hits you but does no damage. The gnoll hits you with a +0 whip.
* * * LOW HITPOINT WARNING * * *
The gnoll closely misses you. The gnoll hits you but does no damage.
You hit the gnoll.
You kill the gnoll!
Lugonu accepts your kill. The gnoll hits you with a +0 whip.
* * * LOW HITPOINT WARNING * * *
You hit the gnoll.
The gnoll is heavily wounded.
The gnoll hits you with a +0 whip.
You die...

..# .... ###'###...
..~~.~ ... #.........
.....~~ ..
#######.....)... ....~..
####. #...............
.......
.....##...............
...####
#.####...........[......
##.#
........†..##...###.....
.# ..###....##.###
#..... #@#####.# #.....
......g)# ..# ######
.#..###.# #... .. #.#
#... #.# #... ..# ...
.>.


You could see a gnoll.

Vanquished Creatures
  2 gnolls (D:2)
  A worm (D:2)
  4 bats
  2 endoplasms (D:1)
  A giant cockroach (D:1)
  6 goblins
  2 hobgoblins (D:2)
  3 jackals (D:2)
  2 quokkas
  A frilled lizard (D:1)
  A kobold (D:2)
  3 rats (D:1)
28 creatures vanquished.

Notes
Turn   | Place    | Note
-------+----------+-------------------------------------------
     0 | Abyss:1  | nickcage the Minotaur Abyssal Knight began the quest for
                  | the Orb.
     0 | Abyss:1  | Reached XP level 1. HP: 19/19 MP: 1/1
     1 | D:1      | Escaped the Abyss
    66 | D:1      | Reached skill level 3 in Maces & Flails
   275 | D:1      | Reached XP level 2. HP: 26/26 MP: 2/2
   474 | D:1      | Found a faded altar of an unknown god.
   600 | D:2      | Reached *** piety under Lugonu
   601 | D:2      | Reached skill level 4 in Maces & Flails
   748 | D:2      | Reached XP level 3. HP: 31/31 MP: 3/3
   901 | D:2      | HP: 1/31 [gnoll/+0 whip (6)]
   902 | D:2      | Slain by a gnoll

Illustrated notes

Levels and vault maps discovered:
D:1:      dpeg_arrival_subterranean_lakeside_camping, layout_basic,
          shapermc_ecumenical_altar_mp_highgroup,
          chequers_serial_rivers_small_a, kennysheep_another_room,
          minmay_box_of_dots
D:2:      layout_basic, serial_rivers, chequers_serial_rivers_large_b,
          chequers_serial_rivers_micro_c, chequers_serial_rivers_marsh,
          chequers_serial_rivers_micro_e, chequers_serial_rivers_micro_c

Skill      XL: |  1  2 |
---------------+-------+-----
Maces & Flails | 3 4 |  4.9
Fighting       | |  3.6
Armour         | |  2.4
Dodging        | |  1.1
Invocations    | |  1.7

Action                   || total
-------------------------++-------
Melee: Mace              ||    52
       Headbutt          ||     7
Armor: Leather armour    ||    21
Dodge: Dodged            ||    38

Table legend: (Time is in decaauts)
 A = Elapsed time spent in this place.
 B = Non-inter-level travel time spent in this place.
 C = Inter-level travel time spent in this place.
 D = Time resting spent in this place.
 E = Time spent auto-exploring this place.
 F = Levels seen in this place.
 G = Mean time per level.
                   A        B        C        D        E       F      G
               +--------+--------+--------+--------+--------+-----+--------+
         Total |    945 |    920 |     25 |      0 |    745 |   3 |  315.0 |
       Dungeon |    944 |    919 |     25 |      0 |    745 |   2 |  472.0 |
         Abyss |      1 |      1 |      0 |      0 |      0 |   1 |    1.0 |
               +--------+--------+--------+--------+--------+-----+--------+

Top non-repeatable levels by time:
     D:1: 537 daAuts
     D:2: 406 daAuts
 Abyss:1: 1 daAuts
